 Dungeon Crawl Stone Soup version 0.31-a0-968-g24f9ace8b5 (webtiles) character file.

Game seed: 11190478994561270551

120 Maratek the Digger (level 5, 0/28 HPs)
             Began as a Gargoyle Earth Elementalist on Oct 27, 2023.
             Slain by Edmund
             ... wielding a +2 flail of protection
              (2 damage)
             ... on level 4 of the Dungeon.
             The game lasted 00:03:39 (2708 turns).

Maratek the Digger (Gargoyle Earth Elementalist)    Turns: 2708, Time: 00:03:43

Health: 0/28       AC:  7    Str: 11    XL:     5   Next: 4%
Magic:  2/10       EV: 12    Int: 18    God:
Gold:   213        SH:  0    Dex: 10    Spells: 9/10 levels left

rFire   . . .        (no weapon)
rCold   . . .        (no shield)
rNeg    + . .        a - +1 robe
rPois   ∞            (no helmet)
rElec   +            (no cloak)
rCorr   .            (no gloves)
SInv    .            (no boots)
Will    .....        e - amulet of the acrobat
Stlth   ++           (no ring)
HPRegen 0.24/turn    (no ring)
MPRegen 0.12/turn

%: acrobat
@: no status effects
A: sickness immunity, AC +4, negative energy resistance 1, electricity
resistance, torment resistance 1, petrification resistance
a: no special abilities


You were on level 4 of the Dungeon.
You visited 1 branch of the dungeon, and saw 4 of its levels.

You collected 213 gold pieces.

Inventory:

Armour
 a - a +1 robe (worn)
Jewellery
 e - an amulet of the acrobat (around neck)
Scrolls
 l - a scroll of vulnerability
Potions
 b - a potion of magic
 c - 3 potions of brilliance {unknown}
 d - a potion of mutation {unknown}
 f - a potion of invisibility {unknown}
 h - 2 potions of attraction {unknown}
 i - a potion of ambrosia {unknown}
 k - a potion of degeneration {unknown}


   Skills:
 + Level 2.0 Dodging
 + Level 2.5 Stealth
 + Level 0.2 Unarmed Combat
 + Level 3.3 Spellcasting
 + Level 0.7 Transmutations
 + Level 5.0 Earth Magic


You had 9 spell levels left.
You knew the following spells:

 Your Spells              Type           Power      Damage    Failure   Level
a - Sandblast             Erth           42%        2d11      1%          1

Your spell library contained the following spells:

 Spells                   Type           Power      Damage    Failure   Level
 Passwall                 Tmut/Erth      10%        N/A       8%          2
 Stone Arrow              Conj/Erth      24%        3d8       17%         3
 Blink                    Tloc           6%         N/A       24%         2
 Lesser Beckoning         Tloc           6%         N/A       24%         2
 Momentum Strike          Conj/Tloc      6%         3d8       24%         2
 Petrify                  Tmut/Erth      13%        N/A       43%         4
 Animate Armour           Summ/Erth      24%        N/A       50%         4
 Brom's Barrelling Bould  Conj/Erth      12%        2d4       50%         4
 Lee's Rapid Deconstruct  Erth           10%        3d8*      50%         5
 Summon Lightning Spire   Summ/Air       3%         N/A       83%         4


Dungeon Overview and Level Annotations

Branches:
Dungeon (4/15)
 Temple: D:4-7

Altars:
The Shining One

Annotations:
D:4 Edmund


Innate Abilities, Weirdness & Mutations

You are immune to sickness and miasma.
Your stone body is resilient. (AC +4)
You are immune to poison.
You resist negative energy. (rN+)
You are resistant to electric shocks. (rElec)
You are resistant to unholy torment.
You are immune to petrification.


Message History

Press: ? - help, Q - select action Shift-Dir - straight line, f/p - Edmund
Aim: Edmund, wielding a +2 flail of protection and wearing a +0 leather armour (moderately wounded, 83% to hit)
The blast of sand hits Edmund but does no damage.
Edmund is moderately wounded.
Edmund hits you with a +2 flail of protection. x2
The orc wizard hits you with a +0 dagger.
The orc barely misses you.
Aiming: Sandblast (safe; 1% risk of failure)
Press: ? - help, Q - select action Shift-Dir - straight line, f/p - Edmund
Aim: Edmund, wielding a +2 flail of protection and wearing a +0 leather armour (moderately wounded, 83% to hit)
The blast of sand hits Edmund but does no damage.
Edmund is moderately wounded.
The orc wizard closely misses you. Something hits you but does no damage.
The orc hits you with a +0 dagger.
Edmund says, "A flail is better than a scythe, any day of the week!"
Edmund hits you with a +2 flail of protection.
Aiming: Sandblast (safe; 1% risk of failure)
Press: ? - help, Q - select action Shift-Dir - straight line, f/p - Edmund
Aim: Edmund, wielding a +2 flail of protection and wearing a +0 leather armour (moderately wounded, 83% to hit)
The blast of sand hits Edmund but does no damage.
Edmund is moderately wounded.
The orc wizard barely misses you. Something hits you but does no damage.
The orc misses you.
Edmund hits you with a +2 flail of protection.
* * * LOW HITPOINT WARNING * * *
The quokka misses you. Something completely misses you.
Edmund barely misses you. The orc wizard closely misses you.
The orc hits you but does no damage.
Aiming: Sandblast (safe; 1% risk of failure)
Press: ? - help, Q - select action Shift-Dir - straight line, f/p - Edmund
Aim: Edmund, wielding a +2 flail of protection and wearing a +0 leather armour (moderately wounded, 83% to hit)
The blast of sand hits Edmund.
Edmund is moderately wounded.
The quokka barely misses you. The orc wizard barely misses you.
Something hits you.
* * * LOW HITPOINT WARNING * * *
The orc misses you.
Edmund hits you with a +2 flail of protection.
You die...
Edmund says, "I'd like to see a scythe do that!"

####### ......#######
######.
....<.......#####.......
#########......(........
###.............
###..ro....)..
##..@@)..... ###.o......
##....... #...... ......
#..... ..... .....


You could see Edmund, an orc wizard, an orc and a quokka.

Vanquished Creatures
  An iguana (D:3)
  4 adders
  A worm (D:2)
  A dart slug (D:3)
  An orc (D:4)
  5 ball pythons
  8 bats
  2 endoplasms (D:2)
  A giant cockroach (D:1)
  4 goblins
  7 hobgoblins
  2 quokkas
  4 frilled lizards
  6 kobolds
  3 rats
50 creatures vanquished.

Notes
Turn   | Place    | Note
-------+----------+-------------------------------------------
     0 | D:1      | Maratek the Gargoyle Earth Elementalist began the quest for
                  | the Orb.
     0 | D:1      | Reached XP level 1. HP: 10/10 MP: 3/3
   146 | D:1      | Reached skill level 4 in Earth Magic
   146 | D:1      | Reached XP level 2. HP: 13/15 MP: 0/5
   890 | D:2      | Reached XP level 3. HP: 19/19 MP: 2/6
  1549 | D:2      | Reached XP level 4. HP: 24/24 MP: 5/8
  2127 | D:3      | Found a glowing golden altar of the Shining One.
  2467 | D:3      | Reached XP level 5. HP: 28/28 MP: 7/10
  2558 | D:3      | Reached skill level 5 in Earth Magic
  2698 | D:4      | Noticed Edmund
  2708 | D:4      | Slain by Edmund

Illustrated notes

Levels and vault maps discovered:
D:1:      dpeg_arrival_court, layout_basic, serial_bayou_ford_a
D:2:      layout_loops_ring
D:3:      layout_loops_corners, tso_metal_star
D:4:      layout_cave_pods, zin_treasury, worldfamousw_hep_ancestral_shrine,
          mainiacjoe_overflow_swirl, minmay_temple_entry_mist,
          chequers_mini_garden, minmay_misc_feat_encased, uniq_edmund

Skill      XL: |  1  2  3  4  5 |
---------------+----------------+-----
Earth Magic    | 4 5 |  5.0
Dodging        | 2 |  2.0
Spellcasting   | 3 |  3.3
Stealth        | |  2.5
Unarmed Combat | |  0.2
Transmutations | |  0.7

Action                     |  1- 3 |  4- 6 || total
---------------------------+-------+-------++-------
  Melee: Unarmed           |    15 |     2 ||    17
   Cast: Sandblast         |    49 |    30 ||    79
    Use: Scroll            |     1 |     4 ||     5
 Armour: Robe              |    21 |    16 ||    37
  Dodge: Dodged            |    37 |    27 ||    64

Table legend: (Time is in decaauts)
 A = Elapsed time spent in this place.
 B = Non-inter-level travel time spent in this place.
 C = Inter-level travel time spent in this place.
 D = Time resting spent in this place.
 E = Time spent auto-exploring this place.
 F = Levels seen in this place.
 G = Mean time per level.
                   A        B        C        D        E       F      G
               +--------+--------+--------+--------+--------+-----+--------+
         Total |   2752 |   2618 |    134 |      0 |   2283 |   4 |  688.0 |
       Dungeon |   2752 |   2618 |    134 |      0 |   2283 |   4 |  688.0 |
               +--------+--------+--------+--------+--------+-----+--------+

Top non-repeatable levels by time:
     D:3: 930 daAuts
     D:2: 911 daAuts
     D:1: 885 daAuts
     D:4: 25 daAuts
